 Seeded DCSS version 0.27.1 (webtiles) character file.

Game seed: 18446744073709551615 (custom seed)

2856 a11behringer the Basher (level 10, -16/70 HPs)
             Began as a Formicid Fighter on Sept 3, 2021.
             Was an Elder of Okawaru.
             Blown up by Pikel (22 damage)
             ... with a mindburst bolt
             ... on level 7 of the Dungeon.
             The game lasted 00:39:36 (7666 turns).

a11behringer the Basher (Formicid Fighter)          Turns: 7666, Time: 00:39:36

Health: -16/70     AC: 13    Str: 20    XL:     10   Next: 4%
Magic:  11/11      EV:  4    Int:  9    God:    Okawaru [****..]
Gold:   81         SH:  9    Dex: 13    Spells: 9/9 levels left

rFire    . . .     SeeInvis +   A - +5 mace of Crystal {vorpal, Fly rElec rPois rC-}
rCold    x . .     Faith    .   c - +0 kite shield
rNeg     . . .     Spirit   .   L - +0 plate armour
rPois    +         Reflect  .   (helmet unavailable)
rElec    +         Harm     .   H - +0 cloak of Thoughtfulness {Will+}
rCorr    .         Rampage  .   f - +0 pair of gloves
Will     ++...                  (no boots)
Stlth    ..........             (no amulet)
HPRegen  0.21/turn              E - ring of poison resistance
MPRegen  0.12/turn              (no ring)

@: flying
A: permanent stasis, dig shafts and tunnels, antennae 3, four strong arms
a: Dig, Shaft Self, Renounce Religion, Heroism


You were on level 7 of the Dungeon.
You worshipped Okawaru.
Okawaru was greatly pleased with you.
You visited 1 branch of the dungeon, and saw 7 of its levels.
You also visited: Sewer.

You collected 337 gold pieces.
You spent 256 gold pieces at shops.

Inventory:

Hand Weapons
 a - a +0 flail
 k - a +3 flail of holy wrath
 l - a +1 whip of pain
 y - a +0 short sword
 A - the +5 mace of Crystal (weapon) {vorpal, Fly rElec rPois rC-}
   (You found it on level 4 of the Dungeon)

   It inflicts extra damage upon your enemies.
   rC:        It makes you vulnerable to cold.
   rElec:     It insulates you from electricity.
   rPois:     It protects you from poison.
   Fly:       It grants you flight.
Armour
 b - a +0 scale mail
 c - a +0 kite shield (worn)
 f - a +0 pair of gloves (worn)
 p - a +0 chain mail
 q - +0 steam dragon scales
 H - the +0 cloak of Thoughtfulness (worn) {Will+}
   (You bought it in a shop on level 1 of the Dungeon)

   Will:      It increases your willpower.
 L - a +0 plate armour (worn)
 M - +0 swamp dragon scales
Jewellery
 e - a ring of positive energy
 r - an amulet of faith
 E - a ring of poison resistance (left hand)
 K - an amulet of magic regeneration
Wands
 n - a wand of iceblast (9)
 B - a wand of mindburst (23)
 J - a wand of flame (11)
Scrolls
 h - 2 scrolls of immolation {unknown}
 i - 3 scrolls of enchant weapon
 j - 2 scrolls of magic mapping {unknown}
 v - a scroll of amnesia {unknown}
 z - 3 scrolls of teleportation
 F - a scroll of enchant armour {unknown}
 G - 2 scrolls of fear {unknown}
 I - a scroll of noise {unknown}
 N - a scroll of identify
Potions
 d - a potion of might
 g - 3 potions of magic
 m - 2 potions of heal wounds
 o - a potion of mutation {unknown}
 s - 2 potions of invisibility
 t - a potion of experience {unknown}
 u - 3 potions of haste
 w - a potion of resistance {unknown}
 x - a potion of cancellation {unknown}
 C - a potion of curing
 D - 2 potions of attraction


   Skills:
 - Level 3.3 Fighting
 * Level 12.6 Maces & Flails
 - Level 3.4 Armour
 - Level 3.7 Shields
 - Level 2.1 Invocations


You had 9 spell levels left.
You didn't know any spells.
Your spell library contained the following spells:

 Spells                   Type           Power      Damage    Failure   Level
 Beastly Appendage        Tmut           0%         N/A       100%        1
 Sandblast                Erth           0%         2d4       100%        1
 Wereblood                Tmut           0%         N/A       100%        2
 Call Canine Familiar     Summ           0%         N/A       100%        3
 Inner Flame              Hex/Fire       0%         N/A       100%        3
 Portal Projectile        Hex/Tloc       0%         N/A       100%        3
 Spider Form              Tmut/Pois      0%         N/A       100%        3
 Cause Fear               Hex            0%         N/A       100%        4
 Leda's Liquefaction      Hex/Erth       0%         N/A       100%        4
 Discord                  Hex            0%         N/A       100%        8


Dungeon Overview and Level Annotations

Branches:
Dungeon (7/15)              Sewer (visited)
 Temple: D:4-7

Altars:
Okawaru
Zin

Shops:
D:1 [   D:2 *   D:3 =(

Annotations:
D:7 Pikel


Innate Abilities, Weirdness & Mutations

You cannot be hasted, slowed, berserked, paralysed or teleported.
You can dig through walls and to a lower floor.
You have a pair of large antennae on your head. (SInv)
Your four strong arms can wield two-handed weapons with a shield.


Message History

You hit the orc.
You kill the orc!
The orc priest mumbles some strange prayers to Beogh against you.
Beogh smites you! The orc hits you but does no damage.
Items here: )))))))) [[[[[ †††††.
You hit the orc.
The orc is almost dead.
You sock the orc!
You kill the orc!
Okawaru accepts your kill.
Pikel the Slaver comes into view.
He is wielding a +1 whip of freezing and carrying a wand of mindburst (3).
Items here: )) ††.
An orc wizard comes into view. It is wielding a +0 dagger.
The orc wizard shouts!
Items here: )) ††.
A lemure comes into view.
You feel like a meek peon again.
The lemure shouts!
You block the orc priest's attack.
The orc wizard gestures at you while chanting.
The magic dart hits you but does no damage.
A lemure comes into view.
Items here: )))))))) [[[[[ †††††.
The lemure shouts!
You hit the orc priest but do no damage.
You block the orc priest's attack.
You barely miss the orc priest.
A lemure comes into view.
You block the orc priest's attack.
Your shield prevents you from hitting the orc priest.
The orc priest invokes the aid of Beogh against you.
Beogh smites you!
* * * LOW HITPOINT WARNING * * *
Pikel zaps a wand.
Your mind is blasted!
* * * LOW HITPOINT WARNING * * *
You hit the orc priest but do no damage.
The orc priest hits you but does no damage.
Pikel says, "You'll feel the lick of my whip!"
Pikel zaps a wand.
Your mind is blasted!
You die...

#................#..<.
#.....................
#........5........8...
#.#................###
#.#........5.......#
##..#.......5<.....##
.........ooK........
#....###)........##
#...##@##.......#
#...#.###.........
#....## ##########
######


You could see Pikel, 3 lemures, an orc priest and an orc wizard.

Vanquished Creatures
  Maggie (D:7)
  An unseen horror (D:5)
  Grinder (D:5)
  A steam dragon (D:3)
  Menkaure (D:4)
  A water moccasin (D:4)
  2 sky beasts (D:6)
  An orc warrior (D:7)
  A necrophage (D:7)
  2 ogres
  A lemure (D:7)
  A kobold brigand (Sewer)
  3 scorpions
  2 water moccasin skeletons (D:5)
  A centaur zombie (D:6)
  2 hounds (D:5)
  An orc priest (D:4)
  A gnoll shaman (D:6)
  A centaur skeleton (D:5)
  3 iguanas (D:6)
  Jessica (D:3)
  5 orc wizards
  Natasha (twice) (D:2)
  A hound zombie (D:5)
  Robin (D:2)
  10 gnolls
  5 adders
  12 river rats
  A shadow imp (D:5)
  An ufetubus (D:6)
  An adder skeleton (D:2)
  2 worms (D:2)
  3 dart slugs
  17 orcs
  7 bats
  3 endoplasms
  2 giant cockroaches (D:4)
  16 goblins
  5 hobgoblins
  2 quokkas
  18 ball pythons
  4 frilled lizards
  21 kobolds
  22 rats
190 creatures vanquished.

Vanquished Creatures (others)
  A ball python (D:3)
1 creature vanquished.

Grand Total: 191 creatures vanquished

Notes
Turn   | Place    | Note
-------+----------+-------------------------------------------
     0 | D:1      | a11behringer the Formicid Fighter began the quest for the
                  | Orb.
     0 | D:1      | Reached XP level 1. HP: 18/18 MP: 1/1
   123 | D:1      | Found a faded altar of an unknown god.
   130 | D:1      | Got Plato's Grimoire of Stones
   131 | D:1      | Became a worshipper of Warmaster Okawaru
   131 | D:1      | Reached * piety under Okawaru
   221 | D:1      | Found Wusebb's Antique Armour Emporium.
   230 | D:1      | Reached XP level 2. HP: 21/24 MP: 2/2
   438 | D:1      | Reached skill level 1 in Invocations
   932 | D:2      | Reached XP level 3. HP: 29/29 MP: 3/3
   982 | D:2      | Reached skill level 3 in Maces & Flails
  1216 | D:2      | Found Wijash's Assorted Antiques.
  1332 | D:2      | Reached XP level 4. HP: 12/35 MP: 2/5
  1862 | D:2      | Reached skill level 4 in Maces & Flails
  1929 | D:2      | Reached XP level 5. HP: 41/41 MP: 4/6
  1932 | D:2      | Noticed Robin
  2644 | D:2      | Killed Robin
  2936 | D:2      | Noticed Natasha
  2941 | D:2      | Killed Natasha
  3159 | D:2      | Noticed Natasha
  3215 | D:2      | Killed Natasha
  3216 | D:2      | Reached skill level 5 in Maces & Flails
  3216 | D:2      | Reached XP level 6. HP: 43/47 MP: 7/7
  3350 | D:3      | Found Acabb's Antique Weapon Emporium.
  3471 | D:3      | Noticed a steam dragon
  3482 | D:3      | Killed a steam dragon
  3483 | D:3      | Reached skill level 6 in Maces & Flails
  3483 | D:3      | Reached XP level 7. HP: 33/52 MP: 5/8
  3636 | D:3      | Noticed Jessica
  3640 | D:3      | Killed Jessica
  3927 | D:3      | Found Miethro's Jewellery Boutique.
  4260 | D:4      | Found a glowing drain.
  4271 | D:4      | Reached skill level 7 in Maces & Flails
  4301 | Sewer    | Entered a sewer
  4764 | Sewer    | Reached ** piety under Okawaru
  5109 | Sewer    | Reached skill level 8 in Maces & Flails
  5238 | D:4      | Reached XP level 8. HP: 54/58 MP: 9/9
  5501 | D:4      | Identified the +5 mace of Crystal {vorpal, Fly rElec rPois
                  | rC-}
  5547 | D:5      | Entered Level 5 of the Dungeon
  5551 | D:5      | Noticed Grinder
  5567 | D:5      | Killed Grinder
  5568 | D:5      | Reached skill level 9 in Maces & Flails
  5818 | D:5      | Noticed an unseen horror
  5831 | D:5      | Killed an unseen horror
  5832 | D:5      | Reached skill level 10 in Maces & Flails
  5832 | D:5      | Reached XP level 9. HP: 29/64 MP: 10/10
  5851 | D:5      | Reached *** piety under Okawaru
  6275 | D:5      | Reached skill level 11 in Maces & Flails
  6523 | D:5      | Found a glowing silver altar of Zin.
  6523 | D:5      | Noticed an angel
  6607 | D:4      | Noticed Menkaure
  6609 | D:4      | Killed Menkaure
  6770 | D:1      | Bought a crude cloak for 256 gold pieces
  6770 | D:1      | Identified the +0 cloak of Thoughtfulness {Will+} (You
                  | bought it in a shop on level 1 of the Dungeon)
  6788 | D:1      | You are sucked into a shaft and drop 1 floor!
  6816 | D:3      | You are sucked into a shaft and drop 3 floors!
  7238 | D:6      | Reached skill level 12 in Maces & Flails
  7546 | D:7      | Noticed Maggie
  7566 | D:7      | Killed Maggie
  7566 | D:7      | Reached **** piety under Okawaru
  7585 | D:7      | Reached XP level 10. HP: 33/70 MP: 11/11
  7657 | D:7      | Noticed Pikel
  7666 | D:7      | Blown up by Pikel

Illustrated notes

Levels and vault maps discovered:
D:1:      minmay_arrival_widening_spiral_wide, layout_basic, serial_shops, shop,
          shapermc_ecumenical_altar_rom_forum
D:2:      layout_loops_ring, serial_shops, shop, minmay_misc_feat_five,
          minmay_tiny_reverse_x, uniq_robin, uniq_natasha
D:3:      minmay_recursive_quarters, layout_loops_ring, serial_shops, shop,
          nicolae_lakefront_shop, uniq_jessica
D:4:      layout_basic, portal_sewer_entry_b, uniq_menkaure
D:5:      layout_loops_cross, zin_angel, uniq_grinder
D:6:      layout_loops_corners
D:7:      layout_rooms, minmay_temple_entry_offerings, serial_shops,
          nicolae_stop_n_shop_1, uniq_maggie, uniq_pikel

Skill      XL: |  1  2  3  4  5  6  7  8  9 |
---------------+----------------------------+-----
Invocations    | 1 2 |  2.1
Maces & Flails | 3 4 5 6 8 10 12 | 12.6
Fighting       | |  3.3
Armour         | |  3.4
Shields        | |  3.7

Action                   |  1- 3 |  4- 6 |  7- 9 | 10-12 || total
-------------------------+-------+-------+-------+-------++-------
Melee: Flail             |    99 |   135 |   220 |       ||   454
       Unarmed           |       |     2 |       |       ||     2
       Mace              |       |       |   146 |    21 ||   167
Invok: Heroism           |     1 |     5 |    10 |     1 ||    17
 Abil: Dig               |       |       |     9 |       ||     9
       Shaft Self        |       |       |     2 |       ||     2
  Use: Potion            |     1 |       |     1 |       ||     2
       Scroll            |     1 |       |     8 |       ||     9
Armor: Scale mail        |    51 |    50 |       |       ||   101
       Skin              |       |     6 |       |       ||     6
       Chain mail        |       |     5 |   150 |     2 ||   157
       Plate armour      |       |       |       |     8 ||     8
Dodge: Dodged            |    43 |    57 |    79 |     1 ||   180
Block: Kite shield       |    70 |    85 |   196 |     5 ||   356
